 Dungeon Crawl Stone Soup version 0.27-a0-1149-g4505690ab0 (webtiles) character file.

Game seed: 2043342429308323994

145 senseless the Cudgeller (level 5, -1/44 HPs)
             Began as a Palentonga Berserker on May 13, 2021.
             Was an Initiate of Cheibriados.
             Slain by a black bear (5 damage)
             ... created by the rage of Trog
             ... on level 2 of the Dungeon.
             The game lasted 00:06:18 (1989 turns).

senseless the Cudgeller (Palentonga Berserker)      Turns: 1989, Time: 00:06:19

Health: -1/44      AC:  4    Str: 22    XL:     5   Next: 6%
Magic:  0/5        EV: 10    Int:  9    God:    Cheibriados [......]
Gold:   75         SH:  0    Dex: 10    Spells: 4/4 levels left

rFire    . . .     SeeInvis +   h - +2 whip (venom)
rCold    . . .     Faith    .   (no shield)
rNeg     + . .     Spirit   +   b - +0 animal skin
rPois    +         Reflect  .   (no helmet)
rElec    .         Harm     .   (no cloak)
rCorr    .         Rampage  .   (no gloves)
Will     .....                  (no barding)
Stlth    +.........             f - amulet of guardian spirit
HPRegen  0.14/turn              c - ring of positive energy
MPRegen  0.09/turn              g - ring of poison resistance

@: very slow
A: large, rugged brown scales 3, see invisible, deformed body, roll 1, armoured
tail
a: Rolling Charge, Renounce Religion, Bend Time


You were on level 2 of the Dungeon.
You worshipped Cheibriados.
Cheibriados was noncommittal.
You visited 1 branch of the dungeon, and saw 3 of its levels.

You collected 75 gold pieces.

Inventory:

Hand Weapons
 a - a +0 mace
 h - a +2 whip of venom (weapon)
Armour
 b - a +0 animal skin (worn)
Jewellery
 c - a ring of positive energy (left hand)
 f - an amulet of guardian spirit (around neck)
 g - a ring of poison resistance (right hand)
Wands
 j - a wand of flame (12)
Scrolls
 e - a scroll of identify
Potions
 d - 2 potions of curing


   Skills:
 + Level 4.0 Fighting
 + Level 4.5 Maces & Flails
 + Level 1.7 Armour
 + Level 2.2 Dodging
 + Level 0.3 Stealth


You had 4 spell levels left.
You didn't know any spells.
Your spell library was empty.

Dungeon Overview and Level Annotations

Branches:
Dungeon (3/15)

Altars:
Cheibriados

Shops:
D:1 =


Innate Abilities, Weirdness & Mutations

You are completely covered in rugged brown scales. (AC +3, +7% HP)
You have supernaturally acute eyesight. (SInv)
Armour fits poorly on your strangely shaped body.
You can roll at nearby foes to attack.
You have a long armoured tail.


Message History

The black bear barely misses you.
There is an open door here.
The black bear bites you! The black bear claws you.
The black bear claws you but does no damage.
The black bear closely misses you. The black bear claws you. x2
Okay, then.
The black bear bites you. The black bear claws you. The black bear misses you.
The black bear bites you but does no damage.
The black bear barely misses you. The black bear closely misses you.
The black bear closely misses you. x3
The black bear barely misses you. x2; The black bear closely misses you.
There is a stone staircase leading up here.
The black bear bites you but does no damage.
The black bear claws you. The black bear barely misses you.
You climb upwards.
There is a stone staircase leading down here.
The black bear bites you. The black bear barely misses you. x2
The black bear bites you. The black bear barely misses you.
The black bear claws you but does no damage.
The black bear bites you.
* * * LOW HITPOINT WARNING * * *
The black bear misses you. The black bear completely misses you.
Really walk into that dispersal trap?
You enter a dispersal trap!
The black bear blinks! x2; You blink.
The black bear closely misses you.
The black bear claws you but does no damage.
The black bear claws you.
* * * LOW HITPOINT WARNING * * *
The black bear bites you.
* * * LOW HITPOINT WARNING * * *
The black bear claws you.
* * * LOW HITPOINT WARNING * * *
The black bear claws you.
* * * LOW HITPOINT WARNING * * *
The black bear bites you.
* * * LOW HITPOINT WARNING * * *
The black bear claws you.
* * * LOW HITPOINT WARNING * * *
The black bear closely misses you. The black bear bites you!
You die...

.#.#...##..##.##........###.###.#
.#.##............#........###...#
.#.###.#.##)............#.#(#†###
.#.###.#.#..............#.....†#.
.......#.#..............###.#.###
.........................#..†...#
...........<)...........###.#.#.#
.......###.......h......#...###..
.......# #.....^@.......#.###.###
...##..####......................
#..##..#........................#
...####..#########.##.........###
..## #..## #..#..........# #.#
##.## ##............# ..###..#
###..........# ..#>..##
#..........# #...### #..........#


You could see a black bear.

Vanquished Creatures
  A scorpion (D:2)
  A hound skeleton (D:2)
  2 adders (D:3)
  A dart slug (D:1)
  An orc (D:3)
  3 endoplasms
  2 giant cockroaches (D:2)
  4 goblins
  8 hobgoblins
  6 jackals
  6 ball pythons
  4 bats
  5 frilled lizards
  4 kobolds
  9 rats
57 creatures vanquished.

Notes
Turn   | Place    | Note
-------+----------+-------------------------------------------
     0 | D:1      | senseless the Palentonga Berserker began the quest for the
                  | Orb.
     0 | D:1      | Reached XP level 1. HP: 19/19 MP: 1/1
   336 | D:1      | Reached XP level 2. HP: 25/25 MP: 2/2
   871 | D:1      | Found Ynnegh's Jewellery Shoppe.
  1162 | D:2      | Reached XP level 3. HP: 31/31 MP: 3/3
  1173 | D:2      | Reached ** piety under Trog
  1208 | D:2      | Noticed a scorpion
  1213 | D:2      | Killed a scorpion
  1214 | D:2      | Reached XP level 4. HP: 39/39 MP: 2/4
  1672 | D:3      | Found a snail-covered altar of Cheibriados.
  1681 | D:3      | Fell from the grace of Trog
  1681 | D:3      | Became a worshipper of Cheibriados the Contemplative
  1731 | D:3      | Reached XP level 5. HP: 44/44 MP: 5/5
  1840 | D:3      | Noticed a black bear
  1840 | D:3      | Noticed a black bear
  1840 | D:3      | Noticed a black bear
  1840 | D:3      | Noticed a black bear
  1840 | D:3      | Noticed a polar bear
  1989 | D:2      | Slain by a black bear

Illustrated notes

Levels and vault maps discovered:
D:1:      lemuel_arrival_lava_pool, layout_basic, serial_shops, shop
D:2:      layout_rooms, minivault_19, minmay_misc_feat_diagonals,
          minmay_indecisive_spiral
D:3:      layout_loops_ring, lemuel_doored_altar, overflow_temple_1_default,
          minivault_26, small_statue_alley_b, minmay_fountain_box,
          ebering_dispersal_statue_hall, minmay_pentangle

Skill      XL: |  1  2  3  4  5 |
---------------+----------------+-----
Maces & Flails | 4 |  4.5
Dodging        | 2 |  2.2
Fighting       | 4 |  4.0
Armour         | |  1.7
Stealth        | |  0.3

Action                   |  1- 3 |  4- 6 || total
-------------------------+-------+-------++-------
Melee: Mace              |    61 |    36 ||    97
       Tailslap          |     7 |     3 ||    10
       Whip              |       |    10 ||    10
Invok: Berserk           |     5 |       ||     5
 Abil: Rolling Charge    |    16 |    17 ||    33
  Use: Scroll            |     2 |     4 ||     6
Armor: Animal skin       |    21 |    16 ||    37
Dodge: Dodged            |    26 |    50 ||    76

Table legend: (Time is in decaauts)
 A = Elapsed time spent in this place.
 B = Non-inter-level travel time spent in this place.
 C = Inter-level travel time spent in this place.
 D = Time resting spent in this place.
 E = Time spent auto-exploring this place.
 F = Levels seen in this place.
 G = Mean time per level.
                   A        B        C        D        E       F      G
               +--------+--------+--------+--------+--------+-----+--------+
         Total |   2104 |   2063 |     41 |     83 |   1679 |   3 |  701.3 |
       Dungeon |   2104 |   2063 |     41 |     83 |   1679 |   3 |  701.3 |
               +--------+--------+--------+--------+--------+-----+--------+

Top non-repeatable levels by time:
     D:1: 1196 daAuts
     D:2: 508 daAuts
     D:3: 399 daAuts
